 Dungeon Sprint DCSS version 0.21-a0-426-g98080a9 (webtiles) character file.

13971 Kidiri the Fighter (level 11, -4/108 HPs)
             Began as a Yellow Draconian Transmuter on Nov 5, 2017.
             Was a High Priest of Wu Jian.
             Slain by a dire elephant (20 damage)
             ... in the Dungeon (Sprint III: "The Ten Rune Challenge").
             The game lasted 00:23:56 (3767 turns).

Kidiri the Fighter (Yellow Draconian Transmuter)    Turns: 3767, Time: 00:23:58

Health: -4/108     AC:  8    Str: 13    XL:     11   Next: 82%
Magic:  20/21      EV: 17    Int: 14    God:    Wu Jian [*****.]
Gold:   54         SH:  0    Dex: 14    Spells: 2/27 levels left

rFire    . . .     SeeInvis .     - Unarmed
rCold    . . .     Gourm    .   (no shield)
rNeg     . . .     Faith    .   (armour unavailable)
rPois    .         Spirit   .   (helmet restricted)
rElec    .         Reflect  .   m - +0 cloak
rCorr    +         Harm     .   (no gloves)
MR       .....     NoTele   +   (no boots)
Stlth    +.........             (no amulet)
HPRegen  0.28/turn              (no ring)
MPRegen  0.17/turn              (no ring)

@: exhausted, short of breath, very slightly contaminated, hasted, glowing,
heavenly storm, slow
A: spit acid, acid resistance, unfitting armour, beak, horns 1, low mp 1, wild
magic 1, cold-blooded, AC +7
a: Breathe Acid, Serpent's Lash, Heavenly Storm, Renounce Religion


You were in the Dungeon.
You worshipped Wu Jian.
Wu Jian was extremely pleased with you.
You were not hungry.

You visited 1 branch You collected 54 gold pieces.

Inventory:

Hand Weapons
 l - a +6 great mace of crushing
Missiles
 a - 62 arrows
 h - 7 steel javelins (quivered)
Armour
 m - a +0 cloak (worn)
 s - a +0 scale mail
Wands
 n - a wand of random effects (26/48)
Scrolls
 p - a scroll of torment
 r - 4 scrolls of remove curse
 u - a scroll of immolation {unknown}
Potions
 d - 2 potions of curing
 g - 2 potions of magic
 j - a potion of might
 k - a potion of lignification
 o - 2 potions of mutation
 t - 2 potions of flight
Books
 b - a book of Changes

   Spells                             Type                      Level
   a - Beastly Appendage              Transmutation                1
   b - Sticks to Snakes               Transmutation                2
   c - Spider Form                    Transmutation/Poison         3
   d - Ice Form                       Ice/Transmutation            4
   e - Blade Hands                    Transmutation                5
 q - a book of Misfortune

   Spells                             Type                      Level
   a - Confusing Touch                Hexes                        1
   b - Confuse                        Hexes                        3
   c - Gell's Gravitas                Translocation                3
   d - Petrify                        Transmutation/Earth          4
   e - Metabolic Englaciation         Hexes/Ice                    5
   f - Yara's Violent Unravelling     Hexes/Transmutation          5
Comestibles
 v - 27 royal jellies


   Skills:
 * Level 13.6 Fighting
 + Level 8.7 Dodging
 + Level 9.2 Stealth
 * Level 12.9 Unarmed Combat
 + Level 8.8 Spellcasting
 * Level 12.8 Transmutations
 + Level 8.1 Ice Magic
 + Level 6.8 Earth Magic
 + Level 9.1 Poison Magic


You had 2 spell levels left.
You knew the following spells:

 Your Spells              Type           Power        Failure   Level  Hunger
a - Beastly Appendage     Tmut           ######       1%          1    None
b - Sticks to Snakes      Tmut           ######..     1%          2    None
c - Spider Form           Tmut/Pois      #####.....   1%          3    ##.....
d - Ice Form              Ice/Tmut       #####...     3%          4    ####...
e - Petrify               Tmut/Erth      #####...     3%          4    ####...
f - Blade Hands           Tmut           ######....   3%          5    #####..
g - Yara's Violent Unrav  Hex/Tmut       ####......   30%         5    #####..
h - Confusing Touch       Hex            #.....       17%         1    None


Dungeon Overview and Level Annotations

Branches:
Dungeon (1/1)

Altars:
Cheibriados
Dithmenos
Elyvilon
Fedhas
Gozag
Hepliaklqana
Kikubaaqudgha
Makhleb
Nemelex Xobeh
Okawaru
Qazlal
Ru
Sif Muna
Trog
Uskayaw
Vehumet
Wu Jian
Xom
Yredelemnul
Zin
The Shining One
Beogh
Jiyva
Lugonu

Annotations:
D exclusion: 5 doors, Gastronok


Innate Abilities, Weirdness & Mutations

You can spit globs of acid.
You are resistant to acid.
Your golden yellow scales are hard. (AC +7)
You cannot fit into any form of body armour.
You are cold-blooded and may be slowed by cold attacks.
You have a beak for a mouth.
You have a pair of small horns on your head.
Your magical capacity is low. (-10% MP)
Your spells are a little harder to cast, but a little more powerful.


Message History

The elephant trunk-slaps you.
* * * LOW HITPOINT WARNING * * *
The elephant closely misses you. x2
Unknown command.
Press: ? - help, v - describe, . - travel Some shallow water.
This square is lit by a halo.
There is a cloud of golden dust here.
Unknown command.
Unknown command.
Unknown command.
Unknown command.
You enter the shallow water.
Moving in this stuff is going to be slow.
You spin and attack the elephant repeatedly.
You punch the elephant!
You kill the elephant!
The Council accepts your kill. The dire elephant tramples you!!
You die...

▓#.....##..###....#.⌠.#__#
###..##...##.....#...#__#
##..##....#......#+###__#
#..###..##.#.....#...#__#
#..# #..#####....#___#__+
▓▓▓▓▓▓▓▓▓▓▓▓▓▓▓▓▓▓▓▓▓▓▓▓▓
.'≈§§§§§≈≈≈♣♣.....♣♣♣♣
#§§§§§§§≈≈♣♣.≈≈≈≈+♣♣'
#§§§@§§§≈≈≈'.....#.≈♣
#§§YY§§≈≈≈♣♣♣♣♣♣♣#..♣
#§§§Y§§≈≈≈♣ ###+
▓##'####§#######♣ ♣♣♣♣.
▓...Y.§w§§§§§§§Y♣♣ ♣...#
▓#+#############F♣ ♣♣.##
.JJ# P....FY.Y§Y♣ ♣..#
▓..J+ ≈...######## ♣♣.#
▓...# ≈ ♣♣.#


You could see a dire elephant, a death yak and an elephant.

Vanquished Creatures
  Rupert (D)
  A centaur warrior (D)
  Erica (D)
  3 death yaks (D)
  Urug (D)
  An unseen horror (D)
  A lindwurm (D)
  A deep elf mage (D)
  An elephant (D)
  2 spiny frogs (D)
  A rime drake (D)
  A komodo dragon (D)
  3 wandering mushrooms (D)
  2 tyrant leeches (D)
  A queen bee (D)
  6 blink frogs (D)
  3 redbacks (D)
  A shadow (D)
  A spatial vortex (D)
  A swamp drake (D)
  A necrophage (D)
  2 centaurs (D)
  An earth elemental (D)
  A water elemental (D)
  32 killer bees (D)
  A jelly (D)
  Crazy Yiuf (D)
  Jessica (D)
  A wizard (D)
  A necromancer (D)
  3 humans (D)
  A kobold demonologist (D)
  An ooze (D)
  2 rats (D)
82 creatures vanquished.

Vanquished Creatures (others)
  2 draconian scorchers (D)
  3 yaktaurs (D)
  6 hellions (D)
  6 plants (D)
17 creatures vanquished.

Grand Total: 99 creatures vanquished

Notes
Turn   | Place    | Note
-------+----------+-------------------------------------------
     0 | D        | Kidiri the Draconian Transmuter began the quest for the Orb.
     0 | D        | Reached XP level 1. HP: 16/16 MP: 3/3
    17 | D        | Reached skill level 2 in Fighting
    68 | D        | Killed a yaktaur
    71 | D        | Noticed Jessica
    80 | D        | Killed Jessica
    80 | D        | Reached skill level 3 in Fighting
    80 | D        | Reached skill level 1 in Stealth
    80 | D        | Reached XP level 2. HP: 26/26 MP: 2/5
    80 | D        | Reached XP level 3. HP: 31/31 MP: 2/7
    84 | D        | Learned a level 2 spell: Sticks to Snakes
    88 | D        | Learned a level 3 spell: Spider Form
    92 | D        | Killed a hellion
    92 | D        | Killed a hellion
   113 | D        | Killed a hellion
   113 | D        | Killed a hellion
   171 | D        | Killed a hellion
   181 | D        | Noticed Crazy Yiuf
   182 | D        | Killed a white draconian scorcher
   195 | D        | Killed a hellion
   293 | D        | Killed a white draconian scorcher
   304 | D        | Killed a yaktaur
   366 | D        | Killed Crazy Yiuf
   366 | D        | Reached skill level 4 in Fighting
   366 | D        | Reached skill level 1 in Poison Magic
   366 | D        | Reached XP level 4. HP: 34/40 MP: 4/8
   522 | D        | Killed a yaktaur
   602 | D        | Gained mutation: You have a beak for a mouth. [potion of mutation]
   602 | D        | Gained mutation: You are weak. (Str -2) [potion of mutation]
   602 | D        | Gained mutation: You have sharp toenails. [potion of mutation]
   603 | D        | Lost mutation: You are weak. (Str -2) [potion of mutation]
   603 | D        | Lost mutation: You have sharp toenails. [potion of mutation]
   603 | D        | Gained mutation: Your magical capacity is low. (-10% MP) [potion of mutation]
   603 | D        | Gained mutation: You have a pair of small horns on your head. [potion of mutation]
   603 | D        | Gained mutation: Your spells are a little harder to cast, but a little more powerful. [potion of mutation]
   628 | D        | Noticed a water elemental
   636 | D        | Killed a water elemental
   636 | D        | Reached skill level 5 in Unarmed Combat
   914 | D        | Found an ornate altar of the Wu Jian Council.
   914 | D        | Found a roughly hewn altar of Beogh.
   914 | D        | Found an iron altar of Okawaru.
   914 | D        | Found a bloodstained altar of Trog.
   914 | D        | Found a hide-covered altar of Uskayaw.
   914 | D        | Noticed a human
   914 | D        | Noticed a human
   917 | D        | Became a worshipper of the Wu Jian Council
   924 | D        | Killed a human
   924 | D        | Reached skill level 6 in Fighting
   924 | D        | Reached skill level 5 in Transmutations
   924 | D        | Reached XP level 5. HP: 50/50 MP: 6/10
   929 | D        | Killed a human
   929 | D        | Reached skill level 7 in Fighting
   929 | D        | Reached XP level 6. HP: 38/60 MP: 6/11
   959 | D        | Learned a level 4 spell: Ice Form
  1091 | D        | Found a radiant altar of Vehumet.
  1092 | D        | Found a deep blue altar of Sif Muna.
  1092 | D        | Found an ancient bone altar of Kikubaaqudgha.
  1093 | D        | Reached * piety under Wu Jian
  1137 | D        | Found a glowing silver altar of Zin.
  1138 | D        | Found a glowing golden altar of the Shining One.
  1138 | D        | Found a white marble altar of Elyvilon.
  1138 | D        | Noticed a deep elf mage
  1145 | D        | Killed a deep elf mage
  1145 | D        | Reached skill level 8 in Fighting
  1145 | D        | Reached skill level 5 in Dodging
  1145 | D        | Reached skill level 5 in Stealth
  1145 | D        | Reached skill level 5 in Spellcasting
  1145 | D        | Your scales start taking on a golden yellow colour.
  1145 | D        | Reached XP level 7. HP: 39/68 MP: 9/13
  1155 | D        | Learned a level 5 spell: Blade Hands
  1321 | D        | Found a basalt altar of Yredelemnul.
  1321 | D        | Found a shadowy altar of Dithmenos.
  1321 | D        | Found a sacrificial altar of Ru.
  1323 | D        | Reached ** piety under Wu Jian
  1375 | D        | Noticed a shadow
  1378 | D        | Killed a shadow
  1378 | D        | Reached skill level 5 in Poison Magic
  1378 | D        | Reached XP level 8. HP: 51/75 MP: 8/14
  1500 | D        | Found a blossoming altar of Fedhas.
  1500 | D        | Found a stormy altar of Qazlal.
  1500 | D        | Found a snail-covered altar of Cheibriados.
  1500 | D        | Found a burning altar of Makhleb.
  1500 | D        | Found a shimmering altar of Xom.
  1572 | D        | Found a hazy altar of Hepliaklqana.
  1572 | D        | Found an opulent altar of Gozag.
  1572 | D        | Found a sparkling altar of Nemelex Xobeh.
  1572 | D        | Found a corrupted altar of Lugonu.
  1572 | D        | Found a viscous altar of Jiyva.
  1577 | D        | Reached *** piety under Wu Jian
  1708 | D        | Noticed Erica
  1713 | D        | Killed Erica
  1713 | D        | Reached skill level 9 in Fighting
  1834 | D        | Learned a level 4 spell: Petrify
  1877 | D        | Noticed a centaur warrior
  1879 | D        | Reached XP level 9. HP: 85/85 MP: 10/16
  1881 | D        | Killed a centaur warrior
  1881 | D        | Reached **** piety under Wu Jian
  1881 | D        | Reached skill level 10 in Fighting
  1881 | D        | Reached skill level 10 in Unarmed Combat
  2073 | D        | Killed an unseen horror
  2073 | D        | Reached skill level 10 in Transmutations
  2073 | D        | Reached skill level 5 in Ice Magic
  2207 | D        | Noticed a queen bee
  2348 | D        | Reached ***** piety under Wu Jian
  2361 | D        | Killed a queen bee
  2361 | D        | Reached skill level 11 in Fighting
  2361 | D        | Reached XP level 10. HP: 65/95 MP: 15/18
  2371 | D        | Reached ****** piety under Wu Jian
  2837 | D        | Noticed a spiny frog
  2837 | D        | Noticed a spiny frog
  2840 | D        | Killed a spiny frog
  2842 | D        | Killed a spiny frog
  3000 | D        | Learned a level 5 spell: Yara's Violent Unravelling
  3006 | D        | Reached skill level 12 in Fighting
  3057 | D        | Noticed a lindwurm
  3060 | D        | Killed a lindwurm
  3060 | D        | Reached skill level 5 in Earth Magic
  3101 | D        | Noticed Urug
  3106 | D        | Killed Urug
  3106 | D        | Reached XP level 11. HP: 79/105 MP: 15/20
  3270 | D        | Learned a level 1 spell: Confusing Touch
  3672 | D        | Noticed Rupert
  3679 | D        | Killed Rupert
  3679 | D        | Reached skill level 13 in Fighting
  3687 | D        | Noticed an azure jelly
  3687 | D        | Noticed an azure jelly
  3687 | D        | Noticed an azure jelly
  3687 | D        | Noticed an azure jelly
  3712 | D        | Noticed a death yak
  3713 | D        | Noticed a death yak
  3719 | D        | Noticed a death yak
  3740 | D        | Noticed a death yak
  3743 | D        | Killed a death yak
  3750 | D        | Killed a death yak
  3758 | D        | Noticed Gastronok
  3759 | D        | Killed a death yak
  3761 | D        | Noticed a dire elephant
  3761 | D        | Noticed a dire elephant
  3764 | D        | HP: 1/107 [death yak (6)]
  3767 | D        | Slain by a dire elephant

Vault maps used:
D:        dungeon_sprint_mu

Skill      XL: |  1  2  3  4  5  6  7  8  9 10 11 |
---------------+----------------------------------+-----
Fighting       | 3 4 6 7 8 9 11 12 13 | 13.6
Dodging        | 2 3 4 5 6 7 8 |  8.7
Stealth        | 1 2 3 4 5 6 7 8 9 |  9.2
Unarmed Combat | 4 6 7 8 9 10 11 12 | 12.9
Transmutations | 3 4 5 6 7 8 9 10 11 12 | 12.8
Spellcasting   | 3 4 5 6 7 8 |  8.8
Poison Magic   | 1 3 4 5 6 8 9 |  9.1
Ice Magic      | 2 3 4 5 6 8 |  8.1
Earth Magic    | 3 5 6 |  6.8

Action                   |  1- 3 |  4- 6 |  7- 9 | 10-12 || total
-------------------------+-------+-------+-------+-------++-------
Melee: Unarmed           |    32 |    26 |    61 |   130 ||   249
       Tailslap          |     1 |       |     4 |    13 ||    18
       Headbutt          |       |       |     9 |    13 ||    22
       Peck              |       |       |     6 |    18 ||    24
       Punch             |       |       |     3 |     3 ||     6
Throw: Javelin           |       |       |       |     1 ||     1
 Cast: Beastly Appendage |     1 |       |       |       ||     1
       Spider Form       |     3 |     4 |       |       ||     7
       Sticks to Snakes  |       |     2 |       |       ||     2
       Blade Hands       |       |       |     9 |    12 ||    21
       Petrify           |       |       |     2 |       ||     2
       Confusing Touch   |       |       |       |     2 ||     2
Invok: Serpent's Lash    |       |       |       |     5 ||     5
       Heavenly Storm    |       |       |       |     3 ||     3
 Abil: Breathe Acid      |       |       |     1 |     4 ||     5
  Use: Potion            |       |     3 |       |     4 ||     7
       Scroll            |       |     3 |       |     1 ||     4
 Stab: Sleeping          |     2 |     3 |     5 |     3 ||    13
       Distracted        |       |       |       |     1 ||     1
       Confused          |       |       |       |     3 ||     3
  Eat: Chunk             |       |     2 |     1 |     5 ||     8
       Fruit             |       |       |     4 |       ||     4
       Royal jelly       |       |       |     1 |     1 ||     2
       Bread ration      |       |       |     1 |       ||     1
Armor: Skin              |     5 |       |    13 |    20 ||    38
Dodge: Dodged            |    17 |    14 |    34 |    67 ||   132

Table legend:
 A = Spawn XP
 B = Non-spawn XP
 C = Spawn XP percentage of total XP
 D = Spawn monster count
 E = Non-spawn monster count
 F = Spawn count percentage of total count
 G = Total turns spent on level
                    A         B        C        D         E        F      G
               +---------+---------+-------+---------+---------+-------+---------
         Total |       0 |   19959 |   0.0 |       0 |      82 |   0.0 |  3767
               +---------+---------+-------+---------+---------+-------+---------
             D |       0 |   19959 |   0.0 |       0 |      82 |   0.0 |  3767
               +---------+---------+-------+---------+---------+-------+---------
